 Dungeon Crawl Stone Soup version 0.29.0-13-gc9e81de378 (webtiles) character file.

Game seed: 16477633349326517528

8334 Ashen the Chiller (level 11, -7/82 (84) HPs)
             Began as a Demonspawn Ice Elementalist on Sept 7, 2022.
             Was a Priest of Vehumet.
             Mangled by a slime creature (8 damage)
             ... on level 9 of the Dungeon.
             The game lasted 00:28:44 (15139 turns).

Ashen the Chiller (Demonspawn Ice Elementalist)    Turns: 15139, Time: 00:28:44

HP:   -7/82 (84)    AC:  7    Str: 10    XL:     11   Next: 8%
MP:   21/21         EV: 13    Int: 26    God:    Vehumet [***...]
Gold: 1593          SH:  6    Dex: 13    Spells: 12/23 levels left

rFire   . . .      SeeInvis +   c - +1 spear (venom)
rCold   . . .      Faith    +   z - +1 buckler
rNeg    . . .      Spirit   .   g - +0 ring mail
rPois   .          Reflect  .   (helmet restricted)
rElec   .          Harm     .   (no cloak)
rCorr   .          Rampage  .   (no gloves)
Will    .....                   j - +0 pair of boots
Stlth   ++........              G - amulet of faith
HPRegen 0.23/turn               r - ring of see invisible
MPRegen 0.17/turn               q - +6 ring of intelligence

@: lightly drained
A: horns 1, ignite blood 2, powered by death 1, sturdy frame 1
a: Renounce Religion


You were on level 9 of the Dungeon.
You worshipped Vehumet.
Vehumet was most pleased with you.
You visited 2 branches of the dungeon, and saw 11 of its levels.
You also visited: Bailey.

You collected 1593 gold pieces.

Inventory:

Hand Weapons
 c - a +1 spear of venom (weapon)
 s - a +0 hand axe of distortion
Armour
 g - a +0 ring mail (worn)
 j - a +0 pair of boots (worn)
 z - a +1 buckler (worn)
 A - a +2 robe of willpower
Jewellery
 m - a +6 ring of strength
 q - a +6 ring of intelligence (right hand)
 r - a ring of see invisible (left hand)
 v - an amulet of regeneration
 G - an amulet of faith (around neck)
 M - an amulet of the acrobat
Wands
 l - a wand of paralysis (7)
 u - a wand of iceblast (8)
 x - a wand of flame (9)
 E - a wand of light (5)
Scrolls
 a - 4 scrolls of teleportation
 d - a scroll of enchant weapon
 e - 6 scrolls of immolation
 f - a scroll of amnesia
 p - a scroll of identify
 y - 3 scrolls of enchant armour
 B - a scroll of fear {unknown}
 C - 2 scrolls of silence
 F - a scroll of acquirement
 H - 3 scrolls of butterflies {unknown}
 J - a scroll of poison {unknown}
 L - a scroll of blinking
Potions
 b - a potion of magic
 h - a potion of cancellation
 i - 4 potions of attraction
 k - a potion of lignification
 n - a potion of invisibility
 o - a potion of resistance
 t - a potion of haste
 w - 2 potions of curing
 D - 2 potions of flight
 I - a potion of brilliance
 K - a potion of berserk rage


   Skills:
 + Level 7.0 Fighting
 + Level 6.0 Armour
 + Level 6.8 Dodging
 - Level 5.0 Stealth
 + Level 4.6 Shields
 + Level 6.7 Spellcasting
 + Level 7.6 Ice Magic


You had 12 spell levels left.
You knew the following spells:

 Your Spells              Type           Power      Damage    Failure   Level
a - Freeze                Ice            100%       1d11      1%          1
b - Frozen Ramparts       Ice            96%        1d15      1%          3
c - Ozocubu's Armour      Ice            48%        N/A       1%          3
d - Hailstorm             Conj/Ice       28%        3d8       7%          4

Your spell library contained the following spells:

 Spells                   Type           Power      Damage    Failure   Level
 Inner Flame              Hex/Fire       8%         N/A       11%         3
 Poisonous Vapours        Pois/Air       16%        N/A       5%          2
 Dazzling Flash           Conj/Hex       16%        N/A       11%         3
 Sting                    Tmut/Pois      32%        1d4       13%         1
 Summon Small Mammal      Summ           32%        N/A       13%         1
 Olgreb's Toxic Radiance  Pois           8%         N/A       30%         4
 Call Canine Familiar     Summ           8%         N/A       36%         3
 Portal Projectile        Hex/Tloc       16%        N/A       36%         3
 Spider Form              Tmut/Pois      8%         N/A       36%         3
 Ozocubu's Refrigeration  Ice            24%        4d12      71%         7
 Leda's Liquefaction      Hex/Erth       4%         N/A       77%         4
 Petrify                  Tmut/Erth      8%         N/A       77%         4
 Agony                    Necr           8%         N/A       98%         5
 Silence                  Hex/Air        4%         N/A       98%         5
 Summon Hydra             Summ           4%         N/A       100%        7
 Summon Horrible Things   Summ           4%         N/A       100%        8


Dungeon Overview and Level Annotations

Branches:
Dungeon (10/15)            Temple (1/1) D:6            Lair (0/5) D:10
 Bailey (visited)
    Orc: D:9-12

Altars:
Ashenzari
Cheibriados
Dithmenos
Fedhas
Gozag
Hepliaklqana
Kikubaaqudgha
Makhleb
Okawaru
Qazlal
Sif Muna
Trog
Uskayaw
Vehumet
Wu Jian
Xom
Yredelemnul

Annotations:
D:2 Sigmund
D:6 1 runed translucent door, exclusion: door, diceflayer's ghost, novice DsFi
D:9 Erolcha


Innate Abilities, Weirdness & Mutations

You have a pair of small horns on your head.
Your demonic aura often causes spilled blood to erupt in flames.
You regenerate a little health from kills.
Your movements are slightly less encumbered by armour. (ER -2)


Message History

Found a potion of invisibility.
Found a wand of flame (10) and a falchion.
The very large slime creature attacks as you move away!
You block the very large slime creature's attack.
The very large slime creature looks more healthy.
A wight comes into view. It is wielding a +0 trident of venom.
Found 7 gold pieces.
The wight moves out of view.
You see here a +0 robe.
A wight comes into view. It is wielding a +0 flail.
The wight hits you from afar with a +0 trident of venom.
You feel drained.
You are poisoned.
The wight moves out of view.
The very large slime creature attacks as you move away!
The very large slime creature misses you.
You feel very sick.
You feel very sick.
You feel sick.
You feel sick.
The slime creature attacks as you move away!
The slime creature hits you!
You feel sick.
The slime creature attacks as you move away!
The slime creature hits you!!
* * * LOW HITPOINT WARNING * * *
You feel sick.
The slime creature attacks as you move away!
The slime creature barely misses you.
You feel sick.
The slime creature is engulfed in blazing flames.
You feel better. You block the slime creature's attack.
The large slime creature attacks as you move away!
The large slime creature closely misses you.
There is a stone staircase leading up here.
A large slime creature splits.
The slime creature hits you!
* * * LOW HITPOINT WARNING * * *
You climb upwards.
Level annotation: Erolcha
There is a stone staircase leading down here.
The slime creature attacks as you move away!
The slime creature hits you!
You die...

.........................# #.#
.........................# #.#
........................<# #.#
.........................# #.#
#'###########............####.#
.......... #.................#
.........O #.................#
.......... #..J..####........#
.......... #..J@.# #......#.#
.......... #....J####......#.#
...####### #...............#.#
...### ############....#.#
....(# #....#.# .....# #....#.#
.....# #......# .....# #......#
.....# #.[....#


You could see 3 slime creatures.

Vanquished Creatures
  A two-headed ogre (D:9)
  An orc high priest (Bailey)
  An unseen horror (shapeshifter) (D:10)
  An unseen horror (D:10)
  A kobold demonologist (Bailey)
  2 trolls (D:9)
  A slime creature (D:9)
  A vampire (D:9)
  3 yaks (D:10)
  A wraith (D:10)
  2 wyverns
  3 vampire mosquitoes (D:10)
  3 steam dragons (D:9)
  2 black bears
  2 ice beasts (D:6)
  12 orc warriors
  3 sky beasts
  2 ogres (D:5)
  A centaur (D:9)
  2 phantoms
  A kobold brigand (D:6)
  2 bullfrogs
  2 scorpions (D:6)
  A gnoll sergeant (D:7)
  2 necrophages
  3 wights (D:8)
  5 electric eels
  2 howler monkeys (D:9)
  4 orc priests
  4 jellies
  A gnoll bouda (D:8)
  A hound (D:6)
  4 iguanas
  7 orc wizards
  21 gnolls
  4 adders
  A shadow imp (D:5)
  A white imp (D:6)
  3 worms
  4 dart slugs
  35 orcs
  4 bats
  5 endoplasms
  5 giant cockroaches
  13 goblins
  14 hobgoblins
  7 jackals
  4 quokkas
  7 ball pythons
  2 frilled lizards
  12 kobolds
  6 rats
232 creatures vanquished.

Vanquished Creatures (others)
  5 plants (D:9)
5 creatures vanquished.

Grand Total: 237 creatures vanquished

Notes
Turn   | Place    | Note
-------+----------+-------------------------------------------
     0 | D:1      | Ashen the Demonspawn Ice Elementalist began the quest for
                  | the Orb.
     0 | D:1      | Reached XP level 1. HP: 13/13 MP: 3/3
   230 | D:1      | Found a faded altar of an unknown god.
   318 | D:1      | Gained mutation: Your movements are slightly less
                  | encumbered by armour. (ER -2) [demonic ancestry]
   318 | D:1      | Reached XP level 2. HP: 20/20 MP: 1/5
   352 | D:1      | HP: 1/20 [kobold/+0 dagger (3)]
   899 | D:1      | Reached skill level 1 in Fighting
  1449 | D:1      | Gained mutation: Your demonic aura sometimes causes spilled
                  | blood to erupt in flames. [demonic ancestry]
  1449 | D:1      | Reached XP level 3. HP: 25/26 MP: 4/6
  1453 | D:1      | Learned a level 3 spell: Frozen Ramparts
  2314 | D:2      | Noticed Sigmund
  3841 | D:3      | Gained mutation: You regenerate a little health from kills.
                  | [demonic ancestry]
  3841 | D:3      | Reached XP level 4. HP: 26/32 MP: 2/7
  3970 | D:3      | Found a shimmering altar of Xom.
  4209 | D:3      | Reached XP level 5. HP: 26/38 MP: 1/9
  4644 | D:4      | Noticed a black bear
  4655 | D:4      | Killed a black bear
  4656 | D:4      | Gained mutation: You have a pair of small horns on your
                  | head. [demonic ancestry]
  4656 | D:4      | Reached XP level 6. HP: 39/45 MP: 2/10
  4731 | D:4      | You fall into a shaft and drop 2 floors!
  4760 | D:6      | Learned a level 3 spell: Ozocubu's Armour
  4765 | D:6      | Learned a level 4 spell: Hailstorm
  4855 | D:6      | Noticed an orc warrior
  4870 | D:6      | Reached skill level 1 in Armour
  4870 | D:6      | Noticed an ice beast
  4870 | D:6      | Killed an orc warrior
  4954 | D:6      | Found a staircase to the Ecumenical Temple.
  4963 | Temple   | Entered the Ecumenical Temple
  5148 | Temple   | Became a worshipper of Vehumet
  5212 | D:6      | Found a shadowy altar of Dithmenos.
  5241 | D:6      | Killed an ice beast
  5252 | D:6      | Reached XP level 7. HP: 11/51 MP: 0/12
  5561 | D:6      | Found a runed translucent door.
  5561 | D:6      | Noticed a two-headed ogre
  5919 | D:6      | Noticed diceflayer's ghost (novice DsFi)
  5935 | D:6      | Reached skill level 5 in Ice Magic
  6344 | D:5      | Entered Level 5 of the Dungeon
  6440 | D:7      | Reached XP level 8. HP: 54/59 MP: 7/14
  6445 | D:7      | Reached * piety under Vehumet
  6445 | D:7      | Offered knowledge of Magic Dart by Vehumet.
  7067 | D:7      | Found a stormy altar of Qazlal.
  7260 | D:7      | Found an ancient bone altar of Kikubaaqudgha.
  7912 | D:5      | Reached skill level 5 in Stealth
  8690 | D:5      | Reached skill level 1 in Shields
  8691 | D:5      | Gained mutation: Your demonic aura often causes spilled
                  | blood to erupt in flames. [demonic ancestry]
  8691 | D:5      | Reached XP level 9. HP: 56/66 MP: 7/16
  9407 | D:4      | Got the Guide on the Mutagenic Oath
  9700 | D:4      | Found an iron altar of Okawaru.
 10058 | D:8      | Identified a scroll of acquirement
 10058 | D:8      | Acquired 1101 gold pieces
 10082 | D:8      | Found a flagged portal.
 10094 | Bailey   | Entered a bailey
 10127 | Bailey   | Reached skill level 5 in Dodging
 10164 | Bailey   | Reached ** piety under Vehumet
 10165 | Bailey   | Offered knowledge of Shock by Vehumet.
 10167 | Bailey   | Reached skill level 5 in Spellcasting
 10171 | Bailey   | Reached skill level 5 in Fighting
 10448 | Bailey   | Noticed a kobold demonologist
 10466 | Bailey   | Killed a kobold demonologist
 10511 | Bailey   | Found an iron altar of Okawaru.
 10513 | Bailey   | Noticed an orc high priest
 10516 | Bailey   | Noticed a rust devil
 10516 | Bailey   | Noticed a hellwing
 10519 | Bailey   | Noticed a rust devil
 10522 | Bailey   | Killed an orc high priest
 10854 | Bailey   | Reached XP level 10. HP: 64/76 MP: 12/18
 11259 | D:8      | Offered knowledge of Dazzling Flash by Vehumet.
 11308 | D:8      | Reached skill level 5 in Armour
 11376 | D:8      | Got the Compilation of Congregated Metamorphosis
 11435 | D:8      | Found a broken altar of Ashenzari.
 11476 | D:8      | Reached *** piety under Vehumet
 12181 | D:8      | Found an opulent altar of Gozag.
 12320 | D:9      | Noticed a two-headed ogre
 12338 | D:9      | Killed a two-headed ogre
 14125 | D:9      | Noticed Erolcha
 14363 | D:10     | Entered Level 10 of the Dungeon
 14364 | D:10     | Noticed a fire crab
 14531 | D:10     | Found a staircase to the Lair.
 14602 | D:10     | Offered knowledge of Inner Flame by Vehumet.
 14627 | D:10     | Reached XP level 11. HP: 23/83 MP: 17/20
 15134 | D:10     | HP: 4/82 [poisoned by a wight]
 15137 | D:10     | HP: 1/82 [slime creature (11)]
 15139 | D:9      | Mangled by a slime creature

Illustrated notes

Levels and vault maps discovered:
D:1:      wander_arrival_lonely_grave, layout_basic,
          hellmonk_ecumenical_altar_blasted, solitary_fountain
D:2:      layout_basic, uniq_sigmund
D:3:      layout_rooms, marbit_many_paths, xom_teletrap_fun
D:4:      layout_basic, kennysheep_mini
D:5:      minmay_evil_eye, layout_layer_cave
D:6:      layout_basic, gammafunk_temple_overflow_statue, temple_hall,
          ebering_ghost_inner_flame
D:7:      layout_basic, mainiacjoe_overflow_alcove_2,
          nicolae_qazlal_general_emergency
D:8:      layout_loops_cross, mainiacjoe_overflow_concentric_impassable,
          evilmike_ruin_ashenzari, enter_bailey_3
D:9:      layout_stronghold, serial_bayou_ford_a,
          hangedman_abyss_or_decor_jellyfish_corner, uniq_erolcha
D:10:     layout_rooms, nicolae_ru_great_annihilating_truth,
          mainiacjoe_overflow_surrounded_room, lair_entry_dummy,
          minmay_microvault
Temple:   bh_familiar_temple

Skill      XL: |  1  2  3  4  5  6  7  8  9 10 11 |
---------------+----------------------------------+-----
Stealth        | 2 3 4 5 |  5.0
Dodging        | 2 3 4 5 6 |  6.8
Fighting       | 1 2 3 4 5 6 7 |  7.0
Ice Magic      | 4 5 6 7 |  7.6
Spellcasting   | 3 4 5 6 |  6.7
Armour         | 1 2 3 4 5 6 |  6.0
Shields        | 1 3 4 |  4.6

Action                   |  1- 3 |  4- 6 |  7- 9 | 10-12 || total
-------------------------+-------+-------+-------+-------++-------
Melee: Unarmed           |    58 |    28 |       |       ||    86
       Punch             |     1 |     1 |     1 |       ||     3
       Long sword        |       |    22 |   198 |       ||   220
       Headbutt          |       |     4 |    45 |    35 ||    84
       Spear             |       |       |    10 |   230 ||   240
 Cast: Freeze            |    93 |    28 |    24 |    19 ||   164
       Frozen Ramparts   |       |     5 |    18 |    10 ||    33
       Ozocubu's Armour  |       |     2 |    22 |    12 ||    36
       Hailstorm         |       |       |     1 |     2 ||     3
Evoke: Wand              |       |     6 |    11 |     6 ||    23
  Use: Scroll            |     4 |       |    11 |     3 ||    18
       Potion            |       |     4 |     1 |     2 ||     7
 Stab: Sleeping          |     2 |     3 |     7 |     3 ||    15
       Paralysed         |       |     4 |     8 |       ||    12
       Distracted        |       |       |       |     1 ||     1
Armor: Robe              |    14 |       |       |       ||    14
       Ring mail         |    21 |    31 |    93 |    50 ||   195
       Skin              |       |       |       |     1 ||     1
Dodge: Dodged            |    76 |    39 |   167 |   131 ||   413
Block: Buckler           |       |       |    37 |    52 ||    89
